 Dungeon Crawl Stone Soup version 0.29-a0-1019-g84f7d21838 (webtiles) character file.

Game seed: 4871047632323245810

99 IdlyInterested the Shooter (level 4, -1/33 HPs)
             Began as a Demonspawn Hunter on Aug 10, 2022.
             Slain by a gnoll
             ... wielding a +0 club
              (7 damage)
             ... on level 4 of the Dungeon.
             The game lasted 00:07:45 (2469 turns).

IdlyInterested the Shooter (Demonspawn Hunter)      Turns: 2469, Time: 00:07:46

Health: -1/33      AC:  5    Str: 11    XL:     4   Next: 45%
Magic:  4/4        EV: 11    Int: 10    God:
Gold:   195        SH:  0    Dex: 19    Spells: 3/3 levels left

rFire   . . .      SeeInvis .   a - +0 shortbow
rCold   . . .      Faith    .   (shield currently unavailable)
rNeg    . . .      Spirit   .   k - +0 ring mail
rPois   .          Reflect  .   (helmet restricted)
rElec   .          Harm     .   (no cloak)
rCorr   .          Rampage  .   (no gloves)
Will    .....                   (no boots)
Stlth   ++........              (no amulet)
HPRegen 0.11/turn               (no ring)
MPRegen 0.09/turn               (no ring)

@: no status effects
A: horns 1, foul stench 1
a: no special abilities


You were on level 4 of the Dungeon.
You visited 1 branch of the dungeon, and saw 4 of its levels.

You collected 195 gold pieces.

Inventory:

Hand Weapons
 a - a +0 shortbow (weapon)
 n - a +0 sling
Missiles
 d - 2 javelins
 i - 15 poisoned darts
 o - 6 datura-tipped darts
Armour
 k - a +0 ring mail (worn)
Magical Staves
 j - a staff of poison
Wands
 h - a wand of charming (11)
Scrolls
 b - 2 scrolls of immolation
 l - 2 scrolls of teleportation
 p - 2 scrolls of vulnerability
Potions
 c - 2 potions of flight {unknown}
 e - a potion of haste {unknown}
 f - 2 potions of curing
 g - 2 potions of heal wounds {unknown}


   Skills:
 - Level 2.1 Fighting
 + Level 4.1 Ranged Weapons
 - Level 2.0 Armour
 + Level 2.5 Dodging
 * Level 1.8 Stealth


You had 3 spell levels left.
You didn't know any spells.
Your spell library contained the following spells:

 Spells                   Type           Power      Damage    Failure   Level
 Ensorcelled Hibernation  Hex/Ice        0%         N/A       80%         2
 Passwall                 Tmut/Erth      0%         N/A       80%         2
 Call Canine Familiar     Summ           0%         N/A       95%         3
 Portal Projectile        Hex/Tloc       0%         N/A       95%         3
 Swiftness                Air            0%         N/A       95%         3
 Leda's Liquefaction      Hex/Erth       0%         N/A       100%        4


Dungeon Overview and Level Annotations

Branches:
Dungeon (4/15)
 Temple: D:4-7

Altars:


Innate Abilities, Weirdness & Mutations

You have a pair of small horns on your head.
You may rarely emit foul miasma when damaged in melee.


Message History

The gnoll is heavily wounded.
You hear a shout!
A gnoll comes into view. It is wielding a +0 flail.
You pick up a book of the Hunter and begin reading...
You add the spells Call Canine Familiar, Portal Projectile and Leda's Liquefaction to your library.
You shoot an arrow.
The arrow hits the gnoll but does no damage.
You shoot an arrow. The arrow barely misses the gnoll. x2
You shoot an arrow. The arrow barely misses the gnoll. x2
You shoot an arrow. The arrow hits the gnoll.
The gnoll is lightly wounded.
A gnoll comes into view. It is wielding a +0 club.
You shoot an arrow. The arrow hits the gnoll.
The gnoll is heavily wounded.
The gnoll barely misses you. The gnoll closely misses you.
The gnoll hits you with a +0 flail.
You shoot an arrow. The arrow hits the gnoll.
The gnoll is severely wounded.
The gnoll hits you with a +0 flail! x2
You are too injured to fight recklessly!
You are too injured to fight recklessly!
You are too injured to fight recklessly!
Fire: a) +0 shortbow
Press: ? - help, Q - select action, (/) - cycle Shift-Dir - straight line, f/p - gnoll
Aim: a gnoll, wielding a +0 flail (severely wounded, 68% to hit)
You shoot an arrow. The arrow hits the gnoll.
You kill the gnoll!
The gnoll hits you but does no damage. The gnoll hits you with a +0 flail!
* * * LOW HITPOINT WARNING * * *
Fire: a) +0 shortbow
Press: ? - help, Q - select action, (/) - cycle Shift-Dir - straight line, f - gnoll
Aim: a gnoll, wielding a +0 flail (heavily wounded, 68% to hit)
You shoot an arrow. The arrow barely misses the gnoll.
The gnoll closely misses you.
Fire: a) +0 shortbow
Press: ? - help, Q - select action, (/) - cycle Shift-Dir - straight line, f/p - gnoll
Aim: a gnoll, wielding a +0 flail (heavily wounded, 68% to hit)
You shoot an arrow. The arrow barely misses the gnoll.
The gnoll hits you with a +0 club!
You die...

######.....##
.....#......##
#.........#
###.......#
#.......#
#..†....##
#).......#
#...gg...#
#...@....#
##########


You could see 2 gnolls.

Vanquished Creatures
  A gnoll (D:4)
  2 adders
  A worm (D:2)
  3 dart slugs
  7 ball pythons
  2 bats
  12 endoplasms
  2 giant cockroaches
  5 goblins
  8 hobgoblins
  4 jackals
  A quokka (D:3)
  A frilled lizard (D:2)
  3 kobolds
  A rat (D:1)
53 creatures vanquished.

Notes
Turn   | Place    | Note
-------+----------+-------------------------------------------
     0 | D:1      | IdlyInterested the Demonspawn Hunter began the quest for
                  | the Orb.
     0 | D:1      | Reached XP level 1. HP: 16/16 MP: 1/1
    65 | D:1      | Reached skill level 1 in Stealth
   167 | D:1      | Gained mutation: You may rarely emit foul miasma when
                  | damaged in melee. [demonic ancestry]
   167 | D:1      | Reached XP level 2. HP: 22/22 MP: 2/2
   292 | D:1      | Reached skill level 1 in Armour
   528 | D:1      | Reached XP level 3. HP: 27/27 MP: 3/3
  1062 | D:2      | Found a faded altar of an unknown god.
  1186 | D:2      | Reached skill level 4 in Ranged Weapons
  1887 | D:3      | Gained mutation: You have a pair of small horns on your
                  | head. [demonic ancestry]
  1887 | D:3      | Reached XP level 4. HP: 33/33 MP: 4/4
  2469 | D:4      | Slain by a gnoll

Illustrated notes

Levels and vault maps discovered:
D:1:      dpeg_arrival_signposts, layout_basic, minmay_misc_feat_square,
          dreamdust_princess_bridge, minmay_misc_feat_chi,
          kennysheep_another_room, minmay_misc_feat_rows,
          minmay_tree_intersection
D:2:      layout_loops_cross, shapermc_ecumenical_altar_notcrosses,
          corexii_item_surrounded_by_moat
D:3:      layout_basic
D:4:      layout_rooms, chequers_serial_rivers_large_b, minivault_1,
          uniq_grinder

Skill      XL: |  1  2  3 |
---------------+----------+-----
Stealth        | 1 |  1.8
Dodging        | 2 |  2.5
Armour         | 1 2 |  2.0
Ranged Weapons | 4 |  4.1
Fighting       | |  2.1

Action                   |  1- 3 |  4- 6 || total
-------------------------+-------+-------++-------
 Fire: Shortbow          |   100 |    44 ||   144
  Use: Scroll            |     4 |     2 ||     6
Armor: Leather armour    |     3 |       ||     3
       Ring mail         |     9 |    11 ||    20
Dodge: Dodged            |    19 |    15 ||    34

Table legend: (Time is in decaauts)
 A = Elapsed time spent in this place.
 B = Non-inter-level travel time spent in this place.
 C = Inter-level travel time spent in this place.
 D = Time resting spent in this place.
 E = Time spent auto-exploring this place.
 F = Levels seen in this place.
 G = Mean time per level.
                   A        B        C        D        E       F      G
               +--------+--------+--------+--------+--------+-----+--------+
         Total |   2529 |   2105 |    424 |    118 |   1527 |   4 |  632.2 |
       Dungeon |   2529 |   2105 |    424 |    118 |   1527 |   4 |  632.2 |
               +--------+--------+--------+--------+--------+-----+--------+

Top non-repeatable levels by time:
     D:1: 885 daAuts
     D:2: 873 daAuts
     D:3: 725 daAuts
     D:4: 44 daAuts
